 Dungeon Crawl Stone Soup version 0.21-a0-59-g7b0e191 (webtiles) character file.

95 Euphorazine the Sneak (level 4, -1/21 HPs)
             Began as a Spriggan Enchanter on June 16, 2017.
             Slain by a hobgoblin (3 damage)
             ... on level 3 of the Dungeon.
             The game lasted 00:17:12 (2258 turns).

Euphorazine the Sneak (Spriggan Enchanter)          Turns: 2258, Time: 00:17:13

Health: -1/21      AC:  2    Str:  5    XL:     4   Next: 39%
Magic:  2/9        EV: 18    Int: 16    God:
Gold:   64         SH:  0    Dex: 16    Spells: 5/8 levels left

rFire    . . .     SeeInvis +   a - +1 dagger
rCold    . . .     Gourm    .   (shield restricted)
rNeg     + . .     Faith    .   b - +0 robe
rPois    .         Spirit   .   (helmet restricted)
rElec    .         Reflect  .   (no cloak)
rCorr    +         Harm     .   (gloves unavailable)
MR       .....                  (boots unavailable)
Stlth    +++.......             (no amulet)
HPRegen  0.07/turn              g - ring of positive energy
MPRegen  0.11/turn              j - ring of resist corrosion

@: starving, very quick
A: unfitting armour, see invisible, herbivore 3, speed 3, slow metabolism 2
a: no special abilities


You were on level 3 of the Dungeon.
You were starving.

You visited 1 branch of the dungeon, and saw 3 of its levels.

You collected 64 gold pieces.

Inventory:

Hand Weapons
 a - a +1 dagger (weapon)
Missiles
 e - 11 poisoned needles
Armour
 b - a +0 robe (worn)
 f - a +0 ring mail
Jewellery
 g - a ring of positive energy (left hand)
 j - a ring of resist corrosion (right hand)
 m - an uncursed ring of protection from cold {unknown}
 p - a cursed ring of teleportation {unknown}
Wands
 n - a wand of flame (25/48)
Scrolls
 r - a scroll of fear {unknown}
 s - a scroll of blinking {unknown}
 u - a scroll of remove curse
Potions
 h - a potion of berserk rage {unknown}
 i - a potion of flight
 k - a potion of might {unknown}
 l - a potion of brilliance {unknown}
 q - a potion of magic {unknown}
 t - a potion of mutation {unknown}
Books
 c - a book of Maledictions

   Spells                             Type                      Level
   a - Corona                         Hexes                        1
   b - Ensorcelled Hibernation        Hexes/Ice                    2
   c - Confuse                        Hexes                        3
   d - Tukima's Dance                 Hexes                        3
   e - Dazzling Spray                 Conjuration/Hexes            3
Comestibles
 d - 2 bread rations
 o - a royal jelly
 v - a chunk of flesh


   Skills:
 + Level 0.7 Fighting
 * Level 3.7 Short Blades
 - Level 3.0 Dodging
 - Level 4.4 Stealth
 - Level 2.6 Spellcasting
 - Level 3.6 Hexes
 + Level 1.5 Ice Magic


You had 5 spell levels left.
You knew the following spells:

 Your Spells              Type           Power        Failure   Level  Hunger
a - Corona                Hex            ##.....      4%          1    #......
b - Ensorcelled Hibernat  Hex/Ice        ##....       10%         2    ##.....


Dungeon Overview and Level Annotations

Branches:
Dungeon (3/15)

Altars:


Innate Abilities, Weirdness & Mutations

You are very small and have problems with some larger weapons.
You are too small for most types of armour.
You have supernaturally acute eyesight. (SInv)
You are a herbivore.
You cover ground extremely quickly.
You need consume almost no food.


Message History

You closely miss the hobgoblin.
The hobgoblin is severely wounded.
The hobgoblin misses you.
You hit the hobgoblin but do no damage.
The hobgoblin is severely wounded.
You barely miss the hobgoblin.
The hobgoblin is severely wounded.
The hobgoblin hits you.
* * * LOW HITPOINT WARNING * * *
You hit the hobgoblin.
The hobgoblin is almost dead.
The hobgoblin misses you.
You don't have the energy to cast that spell.
You closely miss the hobgoblin.
The hobgoblin is almost dead.
The hobgoblin misses you.
You hit the hobgoblin but do no damage.
The hobgoblin is almost dead.
The hobgoblin hits you.
You die...

#...........#####..†
##......>.....#....##
#.......<...#...####.
#...........##..####.
#..###..###.....##...
#.##(##.# ##..#..#...
#.)...#)####......[..
#.##.##....#.........
....#@#####.....>.....
#.#####g##[.##.#........
#.
#..†'#'...[#.......... #
#.(...##)(..#..........
#.....###).##..........
#.....# ####...........
##.(.## ....####.....
##### #..### ...#### ##.
.####


You could see a hobgoblin.

Vanquished Creatures
  4 adders
  An ooze (D:1)
  A worm (D:2)
  2 leopard geckos (D:3)
  2 orcs (D:3)
  A giant cockroach (D:2)
  8 hobgoblins
  5 jackals
  3 kobolds
  2 quokkas
  7 bats
  A frilled lizard (D:2)
  5 goblins (D:1)
  3 rats
45 creatures vanquished.

Notes
Turn   | Place    | Note
-------+----------+-------------------------------------------
     0 | D:1      | Euphorazine the Spriggan Enchanter began the quest for the Orb.
     0 | D:1      | Reached XP level 1. HP: 9/9 MP: 5/5
   254 | D:1      | Reached XP level 2. HP: 9/13 MP: 6/6
   334 | D:1      | Learned a level 2 spell: Ensorcelled Hibernation
  1247 | D:2      | Reached XP level 3. HP: 6/16 MP: 2/8
  1591 | D:2      | You are sucked into a shaft!
  1628 | D:3      | Reached skill level 1 in Ice Magic
  1772 | D:3      | Reached XP level 4. HP: 21/21 MP: 6/9
  2258 | D:3      | Slain by a hobgoblin

Vault maps used:
D:1:      roderic_dead_forest
D:2:      chequers_ecumenical_altar_simple_redux
D:3:      minmay_joined_circles

Skill      XL: |  1  2  3 |
---------------+----------+-----
Short Blades   | 2 3 |  3.7
Ice Magic      | 1 |  1.5
Fighting       | |  0.7
Dodging        | |  3.0
Stealth        | |  4.4
Spellcasting   | |  2.6
Hexes          | |  3.6

Action                   |  1- 3 |  4- 6 || total
-------------------------+-------+-------++-------
Melee: Dagger            |   107 |    88 ||   195
 Cast: Ensorcelled Hiber |    26 |    14 ||    40
  Use: Scroll            |     1 |       ||     1
       Potion            |     1 |       ||     1
 Stab: Distracted        |     1 |       ||     1
       Sleeping          |    15 |     9 ||    24
Armor: Robe              |    18 |     5 ||    23
Dodge: Dodged            |   113 |    57 ||   170
